 Dungeon Crawl Stone Soup version 0.31.0-1-g2c135a008e (webtiles) character file.

Game seed: 14780460630292073675

239 qw the Shooter (level 6, -2/46 HPs)
             Began as a Djinni Hunter on Jan 23, 2024.
             Slain by Natasha (7 damage)
             ... on level 4 of the Dungeon.
             The game lasted 00:00:12 (2635 turns).

qw the Shooter (Djinni Hunter)                      Turns: 2635, Time: 00:00:13

Health: -2/46      AC:  2    Str: 15    XL:     6   Next: 29%
Gold:   143        EV: 14    Int: 13    God:
                   SH:  0    Dex: 19

rFire   + + +        a - +0 shortbow
rCold   x . .        (shield currently unavailable)
rNeg    . . .        f - +0 robe of Jireuzuac {rPois Str+5 Int+3 SInv}
rPois   inf          (no helmet)
rElec   .            (no cloak)
rCorr   .            (no gloves)
SInv    +            (boots unavailable)
Will    .....        (no amulet)
Stlth   ++           d - ring of protection from fire
HPRegen 0.27/turn    (no ring)
MPRegen 0.00/turn

%: infuse magic (-3 HP)
@: flying
A: sickness immunity, fire resistance 2, cold vulnerability 1, float, innate
caster, HP casting, extra vitality 1, wild magic 1
a: no special abilities


You were on level 4 of the Dungeon.
You visited 1 branch of the dungeon, and saw 4 of its levels.

You collected 143 gold pieces.


Innate Abilities, Weirdness & Mutations

You are immune to sickness and miasma.
You are immune to poison.
Your flesh is very heat resistant. (rF++)
You are vulnerable to cold. (rC-)
You float through the air rather than walking.
You learn spells naturally, not from books.
Your magical power is your life essence.
You have superior vitality. (+4 MHP)
Your spells are a little harder to cast, but a little more powerful.


   Skills:
 - Level 3.0 Fighting
 - Level 5.0 Ranged Weapons
 + Level 3.9 Dodging
 - Level 0.7 Stealth


You knew the following spells:

 Your Spells              Type           Power      Damage    Failure   Level
a - Necrotise             Necr           0%         1d4       38%         1
b - Scorch                Fire           0%         2d5       52%         2
Your spell library was empty.

Inventory:

Hand Weapons
 a - a +0 shortbow (weapon)
Armour
 c - a +0 leather armour
 f - the +0 robe of Jireuzuac (worn) {rPois Str+5 Int+3 SInv}
   (You found it on level 3 of the Dungeon)

   Str+5:     It affects your strength (+5).
   Int+3:     It affects your intelligence (+3).
   rPois:     It protects you from poison SInv: It lets you see invisible.
Jewellery
 d - a ring of protection from fire (left hand)
Scrolls
 b - a scroll of identify
Potions
 e - 2 potions of enlightenment
 g - a potion of lignification {unknown}
 i - a potion of resistance {unknown}

Dungeon Overview and Level Annotations

Branches:
Dungeon (4/15)
 Temple: D:4-7

Altars:

Annotations:
D:4 Natasha


Message History

The orc is moderately wounded.
The orc misses you.
Natasha mewls in sadness.
The orc hits you with a +0 flail.
You shoot an arrow. The arrow hits the orc.
The orc is severely wounded.
The orc hits you with a +0 flail.
You shoot an arrow.
The arrow hits the orc but does no damage.
The orc is severely wounded.
The orc hits you but does no damage.
You shoot an arrow. The arrow hits the orc.
You kill the orc!
Natasha mumbles some strange words.
The orc throws a boomerang.
The boomerang closely misses you.
You shoot an arrow.
The arrow hits the orc but does no damage.
The orc throws a boomerang.
The boomerang completely misses you.
You shoot an arrow. The arrow closely misses the orc.
The arrow hits the gnoll.
The gnoll is severely wounded.
You shoot an arrow. The arrow hits the orc.
The orc is almost dead.
The orc closely misses you.
Natasha casts a spell.
You shoot an arrow. The arrow hits the orc!
You kill the orc!
You shoot an arrow. The arrow hits Natasha.
Natasha is lightly wounded.
Natasha stares at you and mumbles some strange words.
You resist with some effort.
You shoot an arrow. The arrow closely misses Natasha.
The arrow barely misses the gnoll.
The arrow completely misses the cerulean imp.
The gnoll hits you from afar with a +0 halberd.
Natasha claws you! The gnoll misses you.
You shoot an arrow. The arrow closely misses Natasha.
The arrow hits the gnoll.
You kill the gnoll!
Natasha claws you!
You die...
Natasha curls up and begins to purr.

#.....###...........#
#...................#
..............##.^..#
.......###.##....)..#
.......# #.#####<...#
......## #.# #....#
.....## ..# #....#
...### .## #....#
#### #. #@#### #. #h#
#5### ###5..# #....[#
#.#...# #.#...#
##.....# #...##.#


You could see Natasha and 2 cerulean imps.

Vanquished Creatures
  An iguana (D:3)
  Natasha (D:4)
  An orc wizard (D:4)
  3 gnolls (D:4)
  5 adders
  2 ribbon worms
  2 dart slugs (D:2)
  6 orcs
  6 endoplasms
  5 giant cockroaches
  6 goblins
  9 hobgoblins
  7 jackals
  7 kobolds
  2 quokkas
  3 ball pythons
  7 bats
  3 frilled lizards
  6 rats
82 creatures vanquished.

Notes
Turn   | Place    | Note
-------+----------+-------------------------------------------
     0 | D:1      | qw the Djinni Hunter began the quest for the Orb.
     0 | D:1      | Reached XP level 1. HP: 18/18 MP: 0/0
     0 | D:1      | 0 ||| qw: Version: 0.3-a-136-gdd3b4e8
     0 | D:1      | 0 ||| qw: Game counter: 1036
     0 | D:1      | 0 ||| qw: Melee chars always use a shield: true
     0 | D:1      | 0 ||| qw: God list: Okawaru
     0 | D:1      | 0 ||| qw: Allow faded altars: false
     0 | D:1      | 0 ||| qw: Do Orc after clearing Dungeon:15 true
     0 | D:1      | 0 ||| qw: Do second Lair branch before Depths: true
     0 | D:1      | 0 ||| qw: Lair rune preference: random
     0 | D:1      | 0 ||| qw: Goals: Normal
     0 | D:1      | 0 ||| PLANNING D:1-11
   203 | D:1      | Reached XP level 2. HP: 20/23 MP: 0/0
   386 | D:1      | Reached skill level 4 in Ranged Weapons
   386 | D:1      | Reached XP level 3. HP: 28/28 MP: 0/0
   386 | D:1      | Learned a level 1 spell: Necrotise
   909 | D:1      | 909 ||| READING scroll labelled MOSAS CUASIM.
   910 | D:1      | 910 ||| READING scroll labelled JUFOSTROUMY.
   910 | D:1      | 910 ||| ENCHANTING +0 shortbow.
   911 | D:1      | 911 ||| DROPPING scroll of butterflies.
  1138 | D:2      | 1138 ||| FLEEEEING.
  1139 | D:2      | 1139 ||| FLEEEEING.
  1140 | D:2      | 1140 ||| FLEEEEING.
  1141 | D:2      | 1141 ||| FLEEEEING.
  1143 | D:2      | 1143 ||| FLEEEEING.
  1144 | D:2      | 1144 ||| FLEEEEING.
  1145 | D:2      | 1145 ||| FLEEEEING.
  1147 | D:2      | 1147 ||| FLEEEEING.
  1148 | D:2      | 1148 ||| FLEEEEING.
  1187 | D:2      | Reached XP level 4. HP: 34/34 MP: 0/0
  1228 | D:2      | Reached skill level 3 in Fighting
  1594 | D:2      | 1594 ||| UPGRADING to ring of protection from fire.
  1595 | D:2      | 1595 ||| READING scroll labelled ZISCHUACZ DAME.
  1595 | D:2      | 1595 ||| IDENTIFYING cyan potion
  1610 | D:3      | Reached skill level 3 in Dodging
  1809 | D:3      | Identified the +0 robe of Jireuzuac {rPois Str+5 Int+3
                  | SInv}
  1955 | D:3      | Reached XP level 5. HP: 38/40 MP: 0/0
  1955 | D:3      | Learned a level 2 spell: Scorch
  2251 | D:3      | 2251 ||| UPGRADING to +0 robe of Jireuzuac {rPois Str+5
                  | Int+3 SInv}.
  2261 | D:3      | 2261 ||| READING 2 scrolls of identify.
  2261 | D:3      | 2261 ||| IDENTIFYING ruby potion
  2262 | D:3      | 2262 ||| DRINKING potion of mutation.
  2262 | D:3      | Gained mutation: Your spells are a little harder to cast,
                  | but a little more powerful. [potion of mutation]
  2263 | D:3      | 2263 ||| READING scroll of identify.
  2263 | D:3      | 2263 ||| IDENTIFYING clear potion
  2264 | D:3      | 2264 ||| READING scroll labelled YSAXIR SINLI.
  2265 | D:3      | 2265 ||| DROPPING potion of degeneration.
  2291 | D:4      | 2291 ||| STAIRDANCE
  2296 | D:4      | 2296 ||| STAIRDANCE
  2411 | D:4      | 2411 ||| STAIRDANCE
  2530 | D:4      | Noticed Natasha
  2538 | D:4      | Killed Natasha
  2588 | D:4      | Reached skill level 5 in Ranged Weapons
  2590 | D:4      | Reached XP level 6. HP: 42/46 MP: 0/0
  2592 | D:4      | Noticed Natasha
  2594 | D:4      | 2594 ||| RETREEEEATING.
  2595 | D:4      | 2595 ||| RETREEEEATING.
  2596 | D:4      | 2596 ||| RETREEEEATING.
  2597 | D:4      | 2597 ||| RETREEEEATING.
  2600 | D:4      | 2600 ||| RETREEEEATING.
  2601 | D:4      | 2601 ||| RETREEEEATING.
  2602 | D:4      | 2602 ||| RETREEEEATING.
  2603 | D:4      | 2603 ||| RETREEEEATING.
  2604 | D:4      | 2604 ||| RETREEEEATING.
  2605 | D:4      | 2605 ||| RETREEEEATING.
  2606 | D:4      | 2606 ||| RETREEEEATING.
  2634 | D:4      | HP: 4/46 [Natasha (9)]
  2635 | D:4      | Slain by Natasha

Levels and vault maps discovered:
D:1:      dpeg_arrival_circle_labyrinth_c, layout_basic, minmay_misc_feat_room,
          hex_intersection
D:2:      layout_rooms
D:3:      minmay_angry_zag, layout_basic, serial_bayou_ford_a
D:4:      layout_rooms, uniq_crazy_yiuf_cottage, uniq_natasha, uniq_edmund,
          uniq_duvessa

Skill      XL: |  1  2  3  4  5 |
---------------+----------------+-----
Ranged Weapons | 4 5 |  5.0
Fighting       | 3 |  3.0
Dodging        | 3 |  3.9
Stealth        | |  0.7

Action                     |  1- 3 |  4- 6 || total
---------------------------+-------+-------++-------
   Fire: Shortbow          |   111 |   178 ||   289
    Use: Scroll            |     2 |     4 ||     6
         Potion            |       |     1 ||     1
 Armour: Leather armour    |    29 |    16 ||    45
         Robe              |       |    32 ||    32
  Dodge: Dodged            |    33 |    78 ||   111

Table legend:
 A = Non-vault XP
 B = Vault XP
 C = Vault XP percentage of total XP
 D = Non-vault monster count
 E = Vault monster count
 F = Vault count percentage of total count
                 A         B        C        D         E       F
            +---------+---------+-------+---------+---------+-------
      Total |     294 |      62 |  17.4 |      79 |       3 |   3.7
            +---------+---------+-------+---------+---------+-------
        D:1 |      41 |       0 |   0.0 |      24 |       0 |   0.0
        D:2 |      64 |       0 |   0.0 |      20 |       0 |   0.0
        D:3 |      90 |      26 |  22.4 |      23 |       2 |   8.0
        D:4 |      99 |      36 |  26.7 |      12 |       1 |   7.7
            +---------+---------+-------+---------+---------+-------
